 Dungeon Crawl Stone Soup version 0.27.1-4-g1640c2035a (webtiles) character file.

Game seed: 10351927089751031333

65 tizbic2 the Chiller (level 3, -2/37 HPs)
             Began as a Demonspawn Ice Elementalist on Nov 14, 2021.
             Was a Follower of Trog.
             Slain by Crazy Yiuf (12 damage)
             ... on level 2 of the Dungeon.
             The game lasted 00:07:59 (1422 turns).

tizbic2 the Chiller (Demonspawn Ice Elementalist)   Turns: 1422, Time: 00:08:00

Health: -2/37      AC:  5    Str:  9    XL:     3   Next: 92%
Magic:  4/6        EV: 11    Int: 16    God:    Trog [*.....]
Gold:   52         SH:  0    Dex: 21    Spells: 5/6 levels left

rFire    . . .     SeeInvis .   b - +2 whip (elec)
rCold    . . .     Faith    .   (no shield)
rNeg     . . .     Spirit   .   c - +0 ring mail
rPois    .         Reflect  +   (helmet restricted)
rElec    .         Harm     .   (no cloak)
rCorr    .         Rampage  .   (no gloves)
Will     .....                  (no boots)
Stlth    ..........             f - amulet of reflection
HPRegen  0.12/turn              h - +6 ring of dexterity
MPRegen  0.10/turn              (no ring)

@: confused, berserking, very quick
A: antennae 1, thin skeletal structure 1
a: Renounce Religion, Berserk


You were on level 2 of the Dungeon.
You worshipped Trog.
Trog was aware of your devotion.
You visited 1 branch of the dungeon, and saw 2 of its levels.

You collected 52 gold pieces.

Inventory:

Hand Weapons
 b - a +2 whip of electrocution (weapon)
Armour
 c - a +0 ring mail (worn)
Jewellery
 f - an amulet of reflection (around neck)
 h - a +6 ring of dexterity (left hand)
Scrolls
 a - 2 scrolls of identify {unknown}
 d - a scroll of holy word {unknown}
 g - a scroll of silence {unknown}
Potions
 e - a potion of brilliance {unknown}
 i - 2 potions of flight {unknown}


   Skills:
 + Level 0.4 Fighting
 + Level 1.1 Maces & Flails
 + Level 1.1 Armour
 + Level 2.4 Dodging
 - Level 1.7 Stealth
 + Level 0.3 Shields
 + Level 0.4 Unarmed Combat
 - Level 2.1 Spellcasting
 - Level 3.9 Ice Magic


You had 5 spell levels left.
You knew the following spells:

 Your Spells              Type           Power      Damage    Failure   Level
a - Freeze                Ice            56%        1d7       12%         1

Your spell library contained the following spells:

 Spells                   Type           Power      Damage    Failure   Level
 Frozen Ramparts          Ice            28%        1d4       34%         3
 Ozocubu's Armour         Ice            14%        N/A       34%         3
 Hailstorm                Conj/Ice       8%         3d4       94%         4


Dungeon Overview and Level Annotations

Branches:
Dungeon (2/15)

Altars:
Trog

Annotations:
D:2 Crazy Yiuf


Innate Abilities, Weirdness & Mutations

You have a pair of small antennae on your head.
You have a somewhat thin skeletal structure. (Dex +2, Stealth+)


Message History

You hit the bush but do no damage.
The bush is almost destroyed.
You hit the bush but do no damage.
The bush is almost destroyed.
You hit the bush. Lightning courses through the bush!
You destroy the bush!
Found a mace.
Found a runed translucent door.
Press: ? - help, v - describe, . - travel A runed translucent door.
You open the door.
Crazy Yiuf shouts!
Crazy Yiuf twirls on the spot.
There is an open translucent door here.
A red film seems to cover your vision as you go berserk!
You feel yourself moving faster!
You feel mighty! Crazy Yiuf barely misses you.
You hit Crazy Yiuf.
Crazy Yiuf is moderately wounded.
You whack Crazy Yiuf!
Crazy Yiuf is heavily wounded.
Crazy Yiuf hits you with a +3 quarterstaff of chaos!
You barely miss Crazy Yiuf.
Crazy Yiuf is heavily wounded.
Crazy Yiuf hits you with a +3 quarterstaff of chaos!
You feel your power leaking away.
You hit Crazy Yiuf.
Crazy Yiuf is severely wounded.
You barely miss Crazy Yiuf.
Crazy Yiuf is severely wounded.
Crazy Yiuf says, "Pitchfork tired snail!"
Crazy Yiuf hits you with a +3 quarterstaff of chaos.
Crazy Yiuf draws strength from your wounds!
You hit Crazy Yiuf.
Crazy Yiuf is severely wounded.
Crazy Yiuf hits you with a +3 quarterstaff of chaos!
* * * LOW HITPOINT WARNING * * *
You are confused.
You miss Crazy Yiuf.
Crazy Yiuf is severely wounded.
Crazy Yiuf hits you with a +3 quarterstaff of chaos!
You die...

.## ... .. .
♣♣♣♣♣######### ####
♣♣♣.♣....##.....
#...#♣..♣.PP...#.....
#..g@.♣♣♣♣P♣.........
#)..#♣♣ ♣♣P.........
#### ♣♣#########


You could see Crazy Yiuf.

Vanquished Creatures
  3 adders (D:2)
  A worm (D:2)
  2 dart slugs
  2 endoplasms (D:1)
  A giant cockroach (D:2)
  2 goblins
  5 hobgoblins
  3 kobolds
  A quokka (D:1)
  4 bats (D:1)
  2 frilled lizards
  3 rats
  A bush (D:2)
30 creatures vanquished.

Notes
Turn   | Place    | Note
-------+----------+-------------------------------------------
     0 | D:1      | tizbic2 the Demonspawn Ice Elementalist began the quest for
                  | the Orb.
     0 | D:1      | Reached XP level 1. HP: 13/13 MP: 3/3
   388 | D:1      | Gained mutation: You have a pair of small antennae on your
                  | head. [demonic ancestry]
   388 | D:1      | Reached XP level 2. HP: 12/19 MP: 3/5
   665 | D:1      | Found a faded altar of an unknown god.
   706 | D:1      | Became a worshipper of Trog the Wrathful
   706 | D:1      | Reached * piety under Trog
  1152 | D:2      | Gained mutation: You have a somewhat thin skeletal
                  | structure. (Dex +2, Stealth+) [demonic ancestry]
  1152 | D:2      | Reached XP level 3. HP: 24/24 MP: 6/6
  1189 | D:2      | Reached skill level 1 in Armour
  1193 | D:2      | Reached skill level 1 in Maces & Flails
  1409 | D:2      | Found a runed translucent door.
  1410 | D:2      | Noticed Crazy Yiuf
  1422 | D:2      | Slain by Crazy Yiuf

Illustrated notes

Levels and vault maps discovered:
D:1:      minmay_arrival_stone_box, layout_basic,
          shapermc_ecumenical_altar_mp_highgroup, minmay_3d_cube
D:2:      layout_rooms, kennysheep_generic_room_15, uniq_crazy_yiuf_cottage

Skill      XL: |  1  2  3 |
---------------+----------+-----
Dodging        | 2 |  2.4
Armour         | 1 |  1.1
Maces & Flails | 1 |  1.1
Fighting       | |  0.4
Stealth        | |  1.7
Shields        | |  0.3
Unarmed Combat | |  0.4
Spellcasting   | |  2.1
Ice Magic      | |  3.9

Action                   || total
-------------------------++-------
Melee: Whip              ||    89
       Unarmed           ||     7
 Cast: Freeze            ||     5
Invok: Berserk           ||     2
Armor: Ring mail         ||    19
Dodge: Dodged            ||    46
Block: Other             ||    12
       Reflection        ||     2
